 Dungeon Crawl Stone Soup version 0.31-a0-18-gea43df2a32 (webtiles) character file.

Game seed: 3825569966164671785

105930 BlueFish the Fighter (level 15, -5/136 (137) HPs)
             Began as a Green Draconian Conjurer on May 11, 2023.
             Was the Champion of Vehumet.
             Slain by a ghost moth (16 damage)
             ... on level 1 of the Spider Nest.
             The game lasted 01:43:26 (32401 turns).

BlueFish the Fighter (Green Draconian Conjurer)    Turns: 32401, Time: 01:43:26

HP:   -5/136 (137)  AC: 12    Str:  4 (8)  XL:     15   Next: 96%
MP:   0/36          EV: 14    Int: 22 (24) God:    Vehumet [******]
Gold: 787           SH:  5    Dex: 12 (15) Spells: 1/31 levels left

rFire   . . .        T - +12 trident "Noibb" {elec, MP+9 Str-3 Dex+3}
rCold   . . .        G - +0 buckler
rNeg    . . .        (body armour unavailable)
rPois   +            B - +1 hat
rElec   .            V - scarf {repulsion}
rCorr   +            (no gloves)
SInv    .            W - +1 pair of boots
Will    ++...        O - amulet of magic regeneration
Stlth   ++           i - ring "Juoxzushoh" {Will+ rCorr}
HPRegen 0.42/turn    c - ring of Foohoon {Wiz Dex+2}
MPRegen 0.65/turn

%: repel missiles, wizardry (x1)
@: studying Evocations, lightly drained, very slow
A: breathe noxious fumes, AC +9, unfitting armour, stinger 1, poison resistance,
cold-blooded
a: Breathe Noxious Fumes, Renounce Religion


You were on level 1 of the Spider Nest.
You worshipped Vehumet.
Vehumet was exalted by your worship.
You visited 5 branches of the dungeon, and saw 24 of its levels.
You also visited: Trove and Ice Cave.

You collected 4635 gold pieces.
You spent 3848 gold pieces at shops.

Inventory:

Hand Weapons
 T - the +12 trident "Noibb" (weapon) {elec, MP+9 Str-3 Dex+3}
   (You bought it in a shop on level 10 of the Dungeon)

   Str:       It affects your strength (-3).
   Dex:       It affects your dexterity (+3).
   MP:        It affects your magic capacity (+9).
Missiles
 z - a throwing net
Armour
 B - a +1 hat (worn)
 G - a +0 buckler (worn)
 V - a scarf of repulsion (worn)
 W - a +1 pair of boots (worn)
Magical Staves
 k - a staff of air
 P - the staff of conjuration "Ducih" {rF+ rCorr Dex+3}
   (You found it in a treasure trove)

   [staff of conjuration]

   Base accuracy: +5 Base damage: 5 Base attack delay: 1.2 This weapon's minimum
   attack delay (0.6) is reached at skill level 12.
   Dex:       It affects your dexterity (+3).
   rF:        It protects you from fire.
   rCorr:     It protects you from acid and corrosion.
   It falls into the 'Staves' category.
   It is a one-handed weapon.
Jewellery
 c - the ring of Foohoon (right hand) {Wiz Dex+2}
   (You found it on level 4 of the Lair of Beasts)

   [ring of wizardry]

   It improves your spell success rate.
   Dex:       It affects your dexterity (+2).
 i - the ring "Juoxzushoh" (left hand) {Will+ rCorr}
   (You found it in an ice cave)

   [ring of willpower]

   rCorr:     It protects you from acid and corrosion.
   Will:      It increases your willpower.
 t - an amulet of reflection
 w - a ring of wizardry
 J - a ring of protection from cold
 K - a ring of protection from cold
 O - an amulet of magic regeneration (around neck)
Wands
 e - a wand of paralysis (20)
 n - a wand of roots (18)
 x - a wand of acid (37)
 y - a wand of mindburst (9)
 I - a wand of digging (2)
 Z - a wand of polymorph (14)
Scrolls
 d - a scroll of enchant weapon
 f - 8 scrolls of fog
 g - 2 scrolls of magic mapping
 j - a scroll of poison
 l - 8 scrolls of enchant armour
 o - a scroll of blinking
 p - 3 scrolls of amnesia
 r - a scroll of butterflies
 s - 10 scrolls of teleportation
 v - 5 scrolls of vulnerability
 D - 5 scrolls of torment
 H - a scroll of fear
 M - 3 scrolls of silence
 N - 2 scrolls of brand weapon
 S - 2 scrolls of immolation
Potions
 a - 2 potions of magic
 b - 2 potions of might
 h - a potion of invisibility
 m - 6 potions of haste
 u - 6 potions of lignification
 A - 3 potions of mutation
 C - 2 potions of resistance
 E - 2 potions of ambrosia
 F - 5 potions of curing
 L - 2 potions of berserk rage
 Q - a potion of attraction
 U - 5 potions of brilliance
 X - 3 potions of cancellation
 Y - 3 potions of flight
Miscellaneous
 q - a phial of floods (inert)
 R - a tin of tremorstones (2/2)


   Skills:
 + Level 13.8 Fighting
 + Level 6.2 Polearms
 + Level 8.4 Dodging
 + Level 9.3 Stealth
 + Level 7.5 Shields
 + Level 8.5 Spellcasting
 + Level 9.9 Conjurations
 + Level 7.4 Fire Magic
 + Level 7.4 Air Magic
 * Level 13.0 Poison Magic
 * Level 9.0 Evocations


You had one spell level left.
You knew the following spells:

 Your Spells              Type           Power      Damage    Failure   Level
a - Magic Dart            Conj           100%       1d8       1%          1
b - Searing Ray           Conj           100%       2d8       1%          2
c - Dazzling Flash        Conj/Hex       62%        N/A       1%          3
d - Mephitic Cloud        Conj/Pois/Air  52%        N/A       1%          3
e - Flame Wave            Conj/Fire      47%        2d12      1%          4
f - Foxfire               Conj/Fire      100%       2x1d9     1%          1
g - Plasma Beam           Fire/Air       21%        2x1d36    10%         6
h - Starburst             Conj/Fire      23%        6d8       6%          6
i - Olgreb's Toxic Radia  Pois           61%        N/A       1%          4

Your spell library contained the following spells:

 Spells                   Type           Power      Damage    Failure   Level
 Irradiate                Conj/Tmut      15%        3d16      4%          5
 Sting                    Tmut/Pois      100%       1d8       1%          1
 Apportation              Tloc           18%        N/A       4%          1
 Necrotise                Necr           36%        1d5       4%          1
 Summon Small Mammal      Summ           36%        N/A       4%          1
 Poisonous Vapours        Pois/Air       100%       N/A       1%          2
 Scorch                   Fire           84%        2d8       1%          2
 Inner Flame              Hex/Fire       25%        N/A       1%          3
 Spider Form              Tmut/Pois      38%        N/A       1%          3
 Volatile Blastmotes      Fire/Tloc      50%        2d14      1%          3
 Fulminant Prism          Conj/Hex       15%        3d10      1%          4
 Iskenderun's Mystic Bla  Conj/Tloc      31%        2d8       1%          4
 Arcjolt                  Conj/Air       23%        1d33      1%          5
 Vhi's Electric Charge    Tloc/Air       50%        N/A       3%          3
 Call Imp                 Summ           18%        N/A       8%          2
 Ensorcelled Hibernation  Hex/Ice        18%        N/A       8%          2
 Summon Lightning Spire   Summ/Air       25%        N/A       11%         4
 Summon Guardian Golem    Hex/Summ       9%         N/A       14%         3
 Orb of Destruction       Conj           26%        9d9       17%         7
 Yara's Violent Unravell  Hex/Tmut       4%         3d4       30%         5
 Anguish                  Hex/Necr       4%         N/A       41%         4
 Spellforged Servitor     Conj/Summ      15%        N/A       71%         7
 Summon Cactus Giant      Summ           4%         N/A       99%         6
 Enfeeble                 Hex            4%         N/A       100%        7


Dungeon Overview and Level Annotations

Branches:
Dungeon (15/15)            Temple (1/1) D:6            Lair (5/5) D:10
  Swamp (0/4) Lair:3       Spider (1/4) Lair:2        Slime (0/5) Lair:5
    Orc (2/2) D:12            Elf (0/3) Orc:2        Vaults (0/5) D:14
 Depths (0/4) D:15          IceCv (visited)

Altars:
Ashenzari
Cheibriados
Dithmenos
Elyvilon
Fedhas
Gozag
Hepliaklqana
Kikubaaqudgha
Makhleb
Nemelex Xobeh
Okawaru
Qazlal
Ru
Sif Muna
Trog
Uskayaw
Vehumet
Wu Jian
Xom
Yredelemnul
Zin
The Shining One

Shops:
D:4 [   D:5 *   D:7 :   D:8 =   D:10 (   D:12 [   D:14 *   Orc:2 ?(:?*

Annotations:
D:2 1 runed translucent door, Crazy Yiuf
D:13 2 transporters, Monarks's ghost, journeyman OpSu
D:14 2 transporters, Opnastoc's ghost, journeyman MiBe; Rupert
Lair:5 1 runed translucent door
Orc:1 3 runed translucent doors, Monarks's ghost, journeyman MfIE; nemohh's ghost, journeyman HOFi


Innate Abilities, Weirdness & Mutations

You can breathe blasts of noxious fumes.
Your lurid green scales are hard. (AC +9)
You cannot fit into any form of body armour.
Your tail ends in a venomous barb.
Your system is resistant to poisons. (rPois)
You are cold-blooded and may be slowed by cold attacks.


Message History

Something hits you! You block something's attack. Something stings you.
* * * LOW HITPOINT WARNING * * *
You feel clumsy.
You miss something.
Your tail-slap misses something.
Something hits you.
* * * LOW HITPOINT WARNING * * *
Something hits you!
* * * LOW HITPOINT WARNING * * *
Something stings you!
* * * LOW HITPOINT WARNING * * *
You feel you are being watched by something.
You feel your power leaking away. Something hits you.
* * * LOW HITPOINT WARNING * * *
Something hits you but does no damage. Something stings you.
* * * LOW HITPOINT WARNING * * *
You feel dopey.
Okay, then.
Aim the phial where?
Press: ? - help, Shift-Dir - straight line, f - you Really target yourself? [Y]es or [N]o only, please.
Really target yourself?
Okay, then.
Aim the phial where?
Press: ? - help, Shift-Dir - straight line The wave splashes down.
Splash!
You fall into the shallow water.
Moving in this stuff is going to be slow.
You feel you are being watched by something.
You feel your power leaking away.
Something hits you but does no damage. x2
Something stings you but does no damage.
Okay, then.
Aiming: Mindburst
Press: ? - help, Shift-Dir - straight line Nothing appears to happen.
You feel you are being watched by something.
Something hits you!
You die...

####
##..#####
#.....#.##
##.#.....#
###.....###
##.......#
#........#
##.......#
#~~~....##
##@~#^...#
#.†{~#....#
...~~~~##...#
..#..~#~##
..## ##..###
## ###


There were no monsters in sight!

Vanquished Creatures
  A broodmother (Spider:1)
  A stone giant (shapeshifter) (D:13)
  Nessos (D:13)
  A dire elephant (D:15)
  An ettin (Orc:2)
  Snorg (Orc:2)
  2 entropy weavers (Spider:1)
  A great orb of eyes (D:15)
  A rakshasa (D:9)
  5 hydras
  5 catoblepae
  6 centaur warriors
  A boulder beetle (D:15)
  3 two-headed ogres
  6 death yaks (Lair:5)
  3 tengu warriors
  A deep troll shaman (Lair:5)
  Urug (D:13)
  An orc high priest (Orc:1)
  6 pharaoh ants
  5 skeletal warriors (D:13)
  A wizard (D:13)
  2 orb spiders (Spider:1)
  An orc knight (D:15)
  A deep elf zephyrmancer (D:9)
  9 orc sorcerers (Orc:2)
  2 oklob plants (Lair:4)
  6 cyclopes
  3 deep elf pyromancers
  6 wolf spiders
  19 ugly things
  4 manticores
  3 black mambas
  A moth of wrath (Spider:1)
  21 elephants
  2 ice statues (IceCv)
  An eye of devastation (shapeshifter) (D:15)
  A demonic crawler (Spider:1)
  3 torpor snails
  A gargoyle (D:11)
  13 cane toads
  A freezing wraith (IceCv)
  An unseen horror (D:10)
  3 rime drakes (Lair:5)
  11 komodo dragons
  2 kobold demonologists
  6 trolls
  5 blink frogs (Lair:2)
  6 tarantellas
  2 polar bears (Lair:5)
  Sigmund (D:3)
  14 slime creatures
  6 jumping spiders
  4 culicivoras (Spider:1)
  3 shadows
  A spriggan (shapeshifter) (D:9)
  3 wyverns
  2 basilisks (D:15)
  44 yaks
  A fire bat (shapeshifter) (D:15)
  4 wraiths
  Grum (D:9)
  9 redbacks
  7 vampire mosquitoes (D:12)
  16 humans
  3 steam dragons
  10 wargs
  2 acid dragons
  14 water moccasins
  A sky beast (D:7)
  23 orc warriors
  5 black bears
  An ice beast (D:3)
  18 wolves
  4 ogres
  13 centaurs
  A kobold brigand (D:14)
  A phantom (D:6)
  9 bullfrogs
  Blork the orc (D:6)
  3 two-headed ogre simulacra (Orc:1)
  2 cane toad simulacra (IceCv)
  2 scorpions (D:5)
  A wight (D:9)
  13 killer bees
  3 howler monkeys
  An elephant simulacrum (Orc:1)
  7 electric eels
  4 hounds
  2 jellies (D:6)
  4 gnoll boudas
  18 orc priests
  2 sleepcaps
  An iguana (D:5)
  46 orc wizards
  2 polar bear simulacra (Orc:1)
  2 wolf simulacra
  9 adders
  11 gnolls
  A naga simulacrum (Orc:1)
  A shadow imp (D:8)
  A white imp (D:5)
  A howler monkey simulacrum (D:9)
  2 worms
  94 orcs
  A ball python (D:1)
  4 bats
  3 endoplasms
  2 giant cockroaches
  9 goblins
  6 hobgoblins
  4 jackals (D:1)
  8 kobolds
  3 quokkas
  4 frilled lizards
  4 rats (D:1)
  A foxfire (D:13)
694 creatures vanquished.

Vanquished Creatures (collateral kills)
  117 foxfires
117 creatures vanquished.

Vanquished Creatures (others)
  1216 foxfires
1216 creatures vanquished.

Grand Total: 2027 creatures vanquished

Notes
Turn   | Place    | Note
-------+----------+-------------------------------------------
     0 | D:1      | BlueFish the Draconian Conjurer began the quest for the
                  | Orb.
     0 | D:1      | Reached XP level 1. HP: 14/14 MP: 3/3
   308 | D:1      | Reached XP level 2. HP: 22/22 MP: 1/5
   387 | D:1      | Reached skill level 1 in Fighting
   390 | D:1      | Learned a level 2 spell: Searing Ray
   927 | D:1      | Reached XP level 3. HP: 28/28 MP: 0/6
   931 | D:1      | Learned a level 3 spell: Dazzling Flash
  1456 | D:2      | You fall into a shaft and drop 2 floors!
  1460 | D:4      | Noticed a black bear
  1550 | D:4      | Noticed a black bear
  1582 | D:5      | Entered Level 5 of the Dungeon
  1587 | D:5      | Noticed a scorpion
  1663 | D:5      | Killed a scorpion
  1664 | D:5      | Reached XP level 4. HP: 28/37 MP: 2/7
  1722 | D:5      | Found Gaisu's General Store.
  1767 | D:5      | Noticed a scorpion
  1781 | D:5      | Killed a scorpion
  1782 | D:5      | Reached XP level 5. HP: 41/44 MP: 0/9
  2088 | D:5      | Noticed an ogre
  2097 | D:5      | Killed an ogre
  2098 | D:5      | Reached XP level 6. HP: 51/51 MP: 5/10
  2101 | D:5      | Found an iron altar of Okawaru.
  2357 | D:3      | Identified the +0 robe "Wuefedet" {Regen+}
  2566 | D:2      | Found a runed translucent door.
  2567 | D:2      | Noticed Crazy Yiuf
  3032 | D:3      | Noticed an ice beast
  3049 | D:3      | Killed an ice beast
  3050 | D:3      | Reached skill level 5 in Conjurations
  3163 | D:3      | Noticed Sigmund
  3177 | D:3      | Killed Sigmund
  3178 | D:3      | Your scales start taking on a lurid green colour.
  3178 | D:3      | Reached XP level 7. HP: 46/60 MP: 7/12
  3178 | D:3      | Gained mutation: Your system is resistant to poisons.
                  | (rPois) [Green Draconian growth]
  3526 | D:4      | Reached skill level 5 in Fighting
  3614 | D:4      | Found Rufeaxzekul's Armour Emporium.
  4021 | D:6      | Noticed a steam dragon
  4031 | D:6      | Killed a steam dragon
  4032 | D:6      | Reached skill level 1 in Evocations
  4076 | D:6      | Reached XP level 8. HP: 24/69 MP: 9/13
  4251 | D:6      | Noticed Blork the orc
  4265 | D:6      | Killed Blork the orc
  4591 | D:6      | Found a staircase to the Ecumenical Temple.
  4603 | Temple   | Entered the Ecumenical Temple
  4699 | Temple   | Became a worshipper of Vehumet
  6022 | D:7      | Reached XP level 9. HP: 79/79 MP: 9/15
  6663 | D:7      | Found Laidd's Tiny Tomes.
  6670 | D:7      | Bought the Meditations on the Nimbus for 110 gold pieces
  6670 | D:7      | Bought Inouq's Atlas of Thunder for 88 gold pieces
  6676 | D:7      | Learned a level 3 spell: Mephitic Cloud
  6818 | D:8      | Found Dodycrigg's Jewellery Shop.
  6978 | D:8      | Reached skill level 5 in Stealth
  7065 | D:8      | Reached skill level 1 in Poison Magic
  7128 | D:8      | Found an opulent altar of Gozag.
  7134 | D:8      | Learned a level 4 spell: Flame Wave
  7247 | D:8      | Reached * piety under Vehumet
  7247 | D:8      | Offered knowledge of Foxfire by Vehumet.
  7300 | D:8      | Learned a level 1 spell: Foxfire
  7886 | D:9      | Reached skill level 1 in Shields
  7886 | D:9      | Reached skill level 1 in Air Magic
  8172 | D:9      | Reached skill level 5 in Spellcasting
  8172 | D:9      | Reached skill level 1 in Fire Magic
  8183 | D:9      | Noticed Grum
  8203 | D:9      | Killed Grum
  8204 | D:9      | Reached skill level 5 in Dodging
  8588 | D:9      | Noticed a deep elf zephyrmancer
  8611 | D:9      | Killed a deep elf zephyrmancer
  8612 | D:9      | Reached XP level 10. HP: 88/88 MP: 0/17
  8757 | D:9      | Noticed a cyclops
  8778 | D:9      | Killed a cyclops
  8906 | D:9      | Noticed a rakshasa
  9123 | D:9      | Reached ** piety under Vehumet
  9123 | D:9      | Offered knowledge of Momentum Strike by Vehumet.
  9154 | D:9      | Noticed a catoblepas
  9217 | D:9      | Noticed a centaur warrior
  9223 | D:9      | Noticed a tengu warrior
  9346 | D:9      | Noticed a manticore
  9363 | D:9      | Killed a manticore
  9595 | D:9      | Noticed a centaur warrior
  9620 | D:9      | Killed a centaur warrior
  9621 | D:9      | Reached skill level 5 in Poison Magic
  9913 | D:9      | Killed a centaur warrior
 10526 | D:9      | Noticed a five-headed hydra
 10603 | D:9      | Noticed a centaur warrior
 10613 | D:9      | Killed a centaur warrior
 10693 | D:9      | Identified the +1 glaive of the Apocalypse {speed, Will++
                  | Stlth+}
 10709 | D:8      | Reached XP level 11. HP: 31/97 MP: 16/19
 11203 | D:9      | Killed a catoblepas
 11223 | D:9      | Noticed a tengu warrior
 11332 | D:9      | Killed a tengu warrior
 11510 | D:10     | Entered Level 10 of the Dungeon
 11516 | D:10     | Identified the +6 rapier of Neurosis {antimagic, Will++
                  | Int+2 Stlth+}
 11597 | D:10     | Offered knowledge of Static Discharge by Vehumet.
 11710 | D:9      | Noticed a purple ugly thing
 11710 | D:9      | Noticed a purple ugly thing
 11710 | D:9      | Noticed a purple ugly thing
 11981 | D:10     | Found a staircase to the Lair.
 12007 | D:10     | Reached *** piety under Vehumet
 12126 | D:10     | Identified a scroll of acquirement
 12127 | D:10     | Acquired 790 gold pieces
 12204 | D:8      | Bought an amulet of magic regeneration for 450 gold pieces
 12340 | D:10     | Found a stormy altar of Qazlal.
 12342 | D:10     | Found a glowing silver altar of Zin.
 12446 | D:10     | Found a shadowy altar of Dithmenos.
 12536 | D:10     | Killed a red ugly thing
 12558 | D:10     | Killed a red ugly thing
 12559 | D:10     | Reached skill level 5 in Evocations
 12877 | D:10     | Killed a green ugly thing
 12913 | D:10     | Noticed a two-headed ogre
 13027 | D:10     | Found Empaomevy's Antique Weapon Boutique.
 13036 | D:10     | Bought a twisted trident for 187 gold pieces
 13036 | D:10     | Identified the +12 trident "Noibb" {elec, MP+9 Str-3 Dex+3}
                  | (You bought it in a shop on level 10 of the Dungeon)
 13089 | D:10     | Killed a two-headed ogre
 13090 | D:10     | Reached skill level 10 in Fighting
 13108 | D:10     | Found a bloodstained altar of Trog.
 13204 | D:11     | Offered knowledge of Hailstorm by Vehumet.
 13210 | D:11     | Noticed a cyan ugly thing
 13258 | D:10     | Reached skill level 1 in Polearms
 13497 | D:11     | Found a hazy altar of Hepliaklqana.
 13541 | D:11     | Reached XP level 12. HP: 106/106 MP: 21/21
 13573 | D:11     | Reached **** piety under Vehumet
 14100 | Lair:1   | Entered Level 1 of the Lair of Beasts
 15417 | Lair:2   | Offered knowledge of Airstrike by Vehumet.
 15425 | Lair:2   | Learned a level 6 spell: Plasma Beam
 15877 | Lair:2   | Reached skill level 5 in Fire Magic
 15899 | Lair:2   | Found a hole to the Spider Nest.
 15981 | Lair:2   | Reached skill level 5 in Shields
 16422 | Lair:3   | Reached skill level 5 in Air Magic
 16763 | Lair:3   | Reached XP level 13. HP: 75/116 MP: 23/23
 17143 | Lair:3   | Found a staircase to the Swamp.
 18146 | Lair:4   | Identified the ring of Foohoon {Wiz Dex+2}
 18396 | Lair:5   | Entered Level 5 of the Lair of Beasts
 18514 | Lair:5   | Reached ***** piety under Vehumet
 18527 | Lair:5   | Offered knowledge of Fireball by Vehumet.
 19708 | Lair:5   | Found a runed translucent door.
 19713 | Lair:5   | Noticed an acid blob
 19756 | Lair:5   | Found a staircase to the Slime Pits.
 19922 | Lair:4   | Learned a level 6 spell: Starburst
 19968 | Lair:5   | Reached skill level 10 in Poison Magic
 20992 | Lair:5   | Gained mutation: Your tail ends in a venomous barb. [Green
                  | Draconian growth]
 20992 | Lair:5   | Reached XP level 14. HP: 112/126 MP: 16/25
 22518 | D:12     | Found a staircase to the Orcish Mines.
 22519 | D:12     | Found Ynuurupn's Armour Shoppe.
 22731 | Orc:1    | Entered Level 1 of the Orcish Mines
 22743 | Orc:1    | Offered knowledge of Conjure Ball Lightning by Vehumet.
 22826 | Orc:1    | Found a frozen archway.
 22833 | IceCv    | Entered an ice cave
 22857 | IceCv    | Found a transporter.
 22878 | IceCv    | Found a transporter.
 22893 | IceCv    | Identified the ring "Juoxzushoh" {Will+ rCorr}
 23187 | Orc:1    | Found a runed translucent gate.
 23188 | Orc:1    | Found a runed translucent gate.
 23197 | Orc:1    | Found a runed translucent gate.
 23197 | Orc:1    | Noticed Monarks's ghost (journeyman MfIE)
 23198 | Orc:1    | Noticed nemohh's ghost (journeyman HOFi)
 23420 | Orc:2    | Entered Level 2 of the Orcish Mines
 23784 | Orc:2    | Reached skill level 5 in Polearms
 23993 | Orc:2    | Noticed Snorg
 24003 | Orc:2    | Killed Snorg
 24896 | Orc:2    | Offered knowledge of Iron Shot by Vehumet.
 24904 | Orc:2    | Paralysed by an orc sorcerer for 3 turns
 25077 | Orc:2    | Found a staircase to the Elven Halls.
 25223 | Orc:2    | Found Weytiagh's Weapon Shop.
 25223 | Orc:2    | Found Nimp's Book Shoppe.
 25315 | Orc:2    | Found Pemy Egawink's Magic Scroll Shop.
 25315 | Orc:2    | Found Biuwkosh's Assorted Antiques.
 25329 | Orc:2    | Bought a translucent copper ring for 175 gold pieces
 25329 | Orc:2    | Identified the ring "Vaony" {*Slow Will+ Str+3 SInv} (You
                  | bought it in a shop on level 2 of the Orcish Mines)
 25338 | Orc:2    | Bought a scroll of teleportation for 36 gold pieces
 25338 | Orc:2    | Bought a scroll of teleportation for 36 gold pieces
 25338 | Orc:2    | Bought a scroll of acquirement for 624 gold pieces
 25353 | Orc:2    | Acquired 1036 gold pieces
 25368 | Orc:2    | Bought a scroll of acquirement for 1820 gold pieces
 25368 | Orc:2    | Acquired 536 gold pieces
 25453 | Orc:2    | Found Xuonugye's Magic Scroll Shop.
 25456 | Orc:2    | Bought a scroll of fear for 60 gold pieces
 25456 | Orc:2    | Bought 2 scrolls of teleportation for 90 gold pieces
 25456 | Orc:2    | Bought a scroll of fear for 60 gold pieces
 25456 | Orc:2    | Bought a scroll of enchant armour for 112 gold pieces
 26793 | D:13     | Noticed Monarks's ghost (journeyman OpSu)
 26801 | D:13     | Found a bloodstained altar of Trog.
 26802 | D:13     | Found a transporter.
 26913 | D:13     | Found a transporter.
 26937 | D:13     | Noticed Nessos
 27057 | D:13     | Reached XP level 15. HP: 80/135 MP: 12/26
 27714 | D:13     | Killed Nessos
 28006 | D:14     | Noticed Urug
 28006 | D:14     | Noticed Rupert
 28006 | D:14     | Found a gate to the Vaults.
 28052 | D:14     | Found Emuir's Assorted Antiques.
 28094 | D:13     | Killed Urug
 28653 | D:14     | Found a transporter.
 28692 | D:14     | Noticed Opnastoc's ghost (journeyman MiBe)
 28712 | D:14     | Found a transporter.
 28751 | D:14     | Learned a level 4 spell: Olgreb's Toxic Radiance
 29091 | D:15     | Entered Level 15 of the Dungeon
 29309 | D:15     | Reached ****** piety under Vehumet
 30105 | D:15     | Found a portal to a secret trove of treasure.
 30111 | D:15     | You paid a toll of 7 scrolls of fear to enter a treasure
                  | trove
 30112 | Trove    | Entered a treasure trove
 30143 | Trove    | Identified the staff of conjuration "Ducih" {rF+ rCorr
                  | Dex+3}
 30217 | D:15     | Found a radiant altar of Vehumet.
 30277 | D:15     | Offered knowledge of Irradiate by Vehumet.
 30539 | D:15     | Found a staircase to the Depths.
 30754 | D:15     | Found a bloodstained altar of Trog.
 30964 | Spider:1 | Entered Level 1 of the Spider Nest
 32401 | Spider:1 | Slain by a ghost moth

Illustrated notes

Levels and vault maps discovered:
D:1:      wander_arrival_desolate, layout_basic
D:2:      layout_rooms, serial_glass, glass_columns_b, glass_columns_b,
          glass_columns_a, glass_columns_b, glass_columns_b, glass_columns_b,
          glass_columns_c, glass_columns_b, glass_columns_a, glass_columns_c,
          glass_columns_c, glass_columns_b, glass_columns_c, glass_columns_b,
          uniq_crazy_yiuf_cottage
D:3:      layout_basic, nrook_loot_triangle, uniq_sigmund
D:4:      layout_rooms, serial_shops, nicolae_shop_tiny_real_fake_doors,
          grunt_ministairs_1
D:5:      layout_cave_pools, okawaru_altar_gauntlet_db, nicolae_take_the_stairs,
          dk_rats_in_the_wall
D:6:      layout_rooms, minmay_temple_entry_waves, kennysheep_boxes,
          uniq_blork_the_orc
D:7:      layout_loops_ring, nicolae_eternal_life,
          nicolae_shop_i_like_small_books_too, due_unseen_surprise
D:8:      layout_cave_pods, mainiacjoe_overflow_tiny_flanked, serial_shops,
          kennysheep_mini
D:9:      wad_pebble_path, layout_rooms, nicolae_rejected_hall, uniq_grum
D:10:     layout_small_grid, mainiacjoe_overflow_surrounded_room,
          lightli_temple_of_fire, chequers_temple_overflow_statue_of_worship,
          lair_entry_dummy, minivault_14, kennysheep_windowed_goal
D:11:     layout_cave_pools, nzn_hepliaklqana_mist_gate
D:12:     layout_loops_ring, orc_david_3, corexii_leaking_fountain,
          nicolae_figureground_sparkle
D:13:     layout_loops_ring, gammafunk_ghost_wrathful_warriors, uniq_nessos
D:14:     layout_layer_cave, david_vaults_3, ebering_dispersal_statue_hall,
          serial_shops, shop, gammafunk_ghost_mausoleum
D:15:     hangedman_depths_entry_try_elsewhere_first, layout_basic,
          enter_trove_2, bloody_trog, vehumet_altar_wand_db
Temple:   minmay_temple_bridge_d
Lair:1:   layout_small_grid, lemuel_fruit_tree
Lair:2:   layout_loops_ring, nicolae_spider_entry_lesser_pyramids,
          serial_bayou_shore_b
Lair:3:   layout_gridlike, swamp_mist_pool
Lair:4:   minmay_lair_oklob_chamber, layout_regular_city
Lair:5:   grunt_lair_end_beastmaster, layout_gridlike, slime_entry_2,
          grunt_megastairs_4
Spider:1: layout_spider_delve
Orc:1:    layout_caves, portal_ice_cave_entry_ice_simulacra,
          gammafunk_ghost_cemetery, basic_altar, abandoned_shop, uniq_urug
Orc:2:    st_orc_town, layout_diamond_mine, serial_shops,
          nicolae_shop_rolled_up, uniq_snorg

Skill      XL: |  1  2  3  4  5  6  7  8  9 10 11 12 13 14 15 |
---------------+----------------------------------------------+-----
Fighting       | 1 2 3 4 5 7 8 9 10 11 12 13 | 13.8
Stealth        | 2 3 4 5 6 7 8 9 |  9.3
Dodging        | 2 3 4 5 6 7 8 |  8.4
Spellcasting   | 3 4 5 6 7 8 |  8.5
Conjurations   | 5 6 7 8 9 |  9.9
Evocations     | 1 2 3 4 5 6 7 9 |  9.0
Poison Magic   | 3 5 7 9 10 11 13 | 13.0
Shields        | 2 3 4 5 6 7 |  7.5
Air Magic      | 2 3 4 5 6 7 |  7.4
Fire Magic     | 1 2 4 5 6 7 |  7.4
Polearms       | 1 3 4 5 6 |  6.2

Action                     |  1- 3 |  4- 6 |  7- 9 | 10-12 | 13-15 || total
---------------------------+-------+-------+-------+-------+-------++-------
  Melee: Unarmed           |    10 |       |       |       |       ||    10
         Tailslap          |     2 |     4 |    22 |    46 |    82 ||   156
         Mace              |     5 |       |       |       |       ||     5
         Dagger            |     3 |    20 |    88 |   124 |       ||   235
         Trident           |       |       |       |   123 |   456 ||   579
   Cast: Magic Dart        |    49 |    27 |   117 |    68 |    56 ||   317
         Searing Ray       |     5 |    11 |    31 |    51 |    17 ||   115
         Foxfire           |       |       |    39 |   170 |   541 ||   750
         Mephitic Cloud    |       |       |     3 |    30 |    52 ||    85
         Flame Wave        |       |       |     3 |    32 |    16 ||    51
         Plasma Beam       |       |       |       |       |   218 ||   218
         Starburst         |       |       |       |       |    43 ||    43
         Olgreb's Toxic Ra |       |       |       |       |     1 ||     1
Ability: Breathe Noxious F |       |       |    21 |    27 |    13 ||    61
  Evoke: Wand              |     1 |    11 |       |     2 |     3 ||    17
         Phial of floods   |       |       |       |       |     1 ||     1
    Use: Scroll            |    10 |     1 |       |    15 |    14 ||    40
         Potion            |       |       |       |       |     6 ||     6
   Stab: Sleeping          |       |     2 |     2 |     1 |     4 ||     9
         Confused          |       |       |     7 |    13 |    16 ||    36
 Armour: Skin              |     7 |    15 |    37 |   102 |   246 ||   407
  Dodge: Dodged            |    32 |    30 |    92 |   210 |   422 ||   786
         Repelled          |       |       |       |       |     8 ||     8
  Block: Other             |       |       |    20 |       |       ||    20
         Reflection        |       |       |     4 |     6 |       ||    10
         Buckler           |       |       |    28 |   130 |   200 ||   358

Table legend: (Time is in decaauts)
 A = Elapsed time spent in this place.
 B = Non-inter-level travel time spent in this place.
 C = Inter-level travel time spent in this place.
 D = Time resting spent in this place.
 E = Time spent auto-exploring this place.
 F = Levels seen in this place.
 G = Mean time per level.
                   A        B        C        D        E       F      G
               +--------+--------+--------+--------+--------+-----+--------+
         Total |  32586 |  30890 |   1696 |   2830 |  21620 |  26 | 1253.3 |
       Dungeon |  20384 |  19326 |   1058 |   1666 |  13859 |  15 | 1358.9 |
        Temple |    169 |     65 |    104 |      0 |     60 |   1 |  169.0 |
          Lair |   7733 |   7301 |    432 |    883 |   4799 |   5 | 1546.6 |
   Spider Nest |   1444 |   1444 |      0 |      4 |   1215 |   1 | 1444.0 |
  Orcish Mines |   2608 |   2508 |    100 |    198 |   1670 |   2 | 1304.0 |
         Trove |     79 |     79 |      0 |      0 |      2 |   1 |   79.0 |
      Ice Cave |    166 |    166 |      0 |     79 |     15 |   1 |  166.0 |
               +--------+--------+--------+--------+--------+-----+--------+

Top non-repeatable levels by time:
     D:9: 3207 daAuts
     D:8: 2373 daAuts
  Lair:5: 2124 daAuts
  Lair:4: 2076 daAuts
    D:13: 1878 daAuts
    D:10: 1817 daAuts
   Orc:2: 1655 daAuts
    D:15: 1652 daAuts
Spider:1: 1444 daAuts
  Lair:1: 1424 daAuts
     D:6: 1387 daAuts
    D:12: 1272 daAuts
     D:1: 1167 daAuts
  Lair:3: 1085 daAuts
     D:7: 1055 daAuts
